 Dungeon Crawl Stone Soup version 0.24.0-124-g2791043dd8 (webtiles) character file.

Game seed: 5894063924372789026, levelgen mode: deterministic

317372 Amplified the Warrior (level 21, -18/143 HPs)
             Began as a Tengu Enchanter on Feb 13, 2020.
             Was the Champion of Wu Jian.
             Demolished by a vault warden
             ... wielding a +0 long sword
              (24 damage)
             ... on level 1 of the Vaults on Feb 14, 2020.
             The game lasted 01:43:54 (41477 turns).

Amplified the Warrior (Tengu Enchanter)            Turns: 41477, Time: 01:43:55

Health: -18/143    AC: 15    Str:  7      XL:     21   Next: 42%
Magic:  31/31      EV: 33    Int: 28 (30) God:    Wu Jian [******]
Gold:   143        SH:  9    Dex: 21      Spells: 19/37 levels left

rFire    + + .     SeeInvis +   R - +6 double sword (slice)
rCold    + . .     Gourm    .   K - +3 buckler {rF+}
rNeg     . . .     Faith    .   H - +3 leather armour {rF+}
rPois    +         Spirit   .   r - +2 hat {MR+}
rElec    .         Reflect  .   o - +2 cloak
rCorr    +         Harm     .   h - +1 pair of gloves of the Thistle {rPois rCorr Str-4 Int+6}
MR       ++...     Clarity  +   (boots unavailable)
Stlth    +++.......             q - amulet of regeneration
HPRegen  0.73/turn              J - ring of the Sky {EV+4 Int+2 SInv Stlth+}
MPRegen  0.22/turn              Q - ring of protection from cold

@: brilliant, exhausted, flying quickly and evasively, glowing, heavenly storm,
quick
A: beak, talons 3, clarity, low mp 1, mutation resistance 1, able to fly
}: 2/15 runes: decaying, gossamer
a: Stop Flying, Wall Jump, Serpent's Lash, Heavenly Storm, Renounce Religion


You were on level 1 of the Vaults.
You worshipped Wu Jian.
Wu Jian was exalted by your worship.
You were not hungry.

You visited 7 branches of the dungeon, and saw 35 of its levels.
You visited 1 bazaar.
You also visited: Ossuary, Ice Cave and Volcano.

You collected 4498 gold pieces.
You spent 4355 gold pieces at shops.

Inventory:

Hand Weapons
 f - a +3 dagger of electrocution
 A - the +6 shillelagh "Devastator" {shatter}
   (You found it on level 1 of the Lair of Beasts)
 P - the +9 shortbow of Ancient Evil {freeze, rElec rF++ Dex-3 Stlth+}
   (You bought it in a shop on level 2 of the Orcish Mines)

   It causes projectiles fired from it to freeze those they strike, causing
   extra injury to most foes and up to half again as much damage against
   particularly susceptible opponents.
   They can also slow down cold-blooded creatures.
   It affects your dexterity (-3).
   It greatly protects you from fire.
   It insulates you from electricity.
   It makes you more stealthy.
 R - a +6 double sword of slicing (weapon)
Missiles
 m - 121 poisoned darts (quivered)
 I - 561 arrows
Armour
 a - a +4 ring mail of poison resistance
 e - +3 storm dragon scales {Bai Suzhen}
 h - the +1 pair of gloves of the Thistle (worn) {rPois rCorr Str-4 Int+6}
   (You bought it in a shop in a bazaar)

   It affects your strength (-4).
   It affects your intelligence (+6).
   It protects you from poison.
   It provides partial protection from all sources of acid and corrosion.
 i - a +2 pair of gloves
 o - a +2 cloak (worn)
 r - a +2 hat of magic resistance (worn)
 H - a +3 leather armour of fire resistance (worn)
 K - a +3 buckler of fire resistance (worn)
Jewellery
 n - the ring of Wybaycwuudd {rF+ Str+4}
   (You took it off an orc on level 4 of the Dungeon)

   [ring of protection from fire]

   It affects your strength (+4).
   It protects you from fire.
 q - an amulet of regeneration (around neck)
 E - an uncursed ring of see invisible
 J - the ring of the Sky (left hand) {EV+4 Int+2 SInv Stlth+}
   (You found it in a volcano)

   [ring of evasion]

   It affects your evasion (+4).
   It affects your intelligence (+2).
   It lets you see invisible.
   It makes you more stealthy.
 Q - a ring of protection from cold (right hand)
 W - an uncursed ring of protection from magic
Wands
 k - a wand of polymorph (25)
 t - a wand of random effects (24)
 F - a wand of flame (39)
 M - a wand of digging (13)
 N - a wand of disintegration (16)
Scrolls
 b - a scroll of fog
 w - 14 scrolls of remove curse
 y - 5 scrolls of brand weapon
 z - 3 scrolls of amnesia
 B - a scroll of magic mapping
 D - a scroll of vulnerability
 G - 4 scrolls of identify
Potions
 j - 4 potions of brilliance
 p - 6 potions of magic
 s - 4 potions of mutation
 u - 3 potions of ambrosia
Miscellaneous
 C - a lightning rod (inert)
Comestibles
 d - 67 rations


   Skills:
 * Level 18.9 Fighting
 - Level 11.0 Short Blades
 - Level 11.1 Maces & Flails
 - Level 4.9 Bows
 - Level 10.1 Armour
 - Level 15.0 Dodging
 - Level 16.1 Stealth
 - Level 5.1 Shields
 * Level 8.6 Spellcasting
 - Level 2.1 Hexes
 * Level 3.5 Charms
 * Level 4.0 Ice Magic
 - Level 6.2 Air Magic
 - Level 10.2 Evocations


You had 19 spell levels left.
You knew the following spells:

 Your Spells              Type           Power        Failure   Level  Hunger
a - Ensorcelled Hibernat  Hex/Ice        #####.       1%          2    None
b - Confusing Touch       Hex            #####.       1%          1    None
c - Blink                 Tloc           N/A          1%          2    None
d - Passwall              Tmut/Erth      ####....     1%          2    None
e - Silence               Hex/Air        ######....   3%          5    ####...
f - Deflect Missiles      Chrm/Air       ######....   14%         6    ######.

Your spell library contained the following spells:

 Spells                   Type           Power        Failure   Level  Hunger
 Animate Skeleton         Necr           N/A          1%          1    None
 Apportation              Tloc           ####..       1%          1    None
 Beastly Appendage        Tmut           ####..       1%          1    None
 Corona                   Hex            #####..      1%          1    None
 Flame Tongue             Conj/Fire      ####.        1%          1    None
 Magic Dart               Conj           ####         1%          1    None
 Summon Small Mammal      Summ           ####         1%          1    None
 Call Imp                 Summ           ####....     1%          2    None
 Searing Ray              Conj           ####..       1%          2    None
 Slow                     Hex            #####...     1%          2    None
 Sticks to Snakes         Tmut           ####....     1%          2    None
 Throw Flame              Conj/Fire      ####..       1%          2    None
 Confuse                  Hex            #####...     1%          3    None
 Dazzling Spray           Conj/Hex       #####.       1%          3    None
 Inner Flame              Hex/Fire       #####...     1%          3    None
 Mephitic Cloud           Conj/Pois/Air  #####...     1%          3    None
 Portal Projectile        Hex/Tloc       #####.       1%          3    None
 Static Discharge         Conj/Air       #####...     1%          3    None
 Tukima's Dance           Hex            #####...     1%          3    None
 Conjure Flame            Conj/Fire      ####....     2%          3    None
 Gell's Gravitas          Tloc           ####......   2%          3    None
 Spider Form              Tmut/Pois      ####......   2%          3    None
 Cause Fear               Hex            #####.....   3%          4    #......
 Ice Form                 Ice/Tmut       #####...     3%          4    #......
 Lightning Bolt           Conj/Air       #####.....   5%          5    ####...
 Metabolic Englaciation   Hex/Ice        #####.....   5%          5    ####...
 Force Lance              Conj/Tloc      ####....     8%          4    #......
 Petrify                  Tmut/Erth      ####....     8%          4    #......
 Sticky Flame             Conj/Fire      ####....     8%          4    #......
 Yara's Violent Unravell  Hex/Tmut       #####.....   12%         5    ####...
 Blade Hands              Tmut           ####......   19%         5    ####...
 Fireball                 Conj/Fire      ####......   19%         5    ####...
 Irradiate                Conj/Tmut      ####......   19%         5    ####...
 Venom Bolt               Conj/Pois      ####......   19%         5    ####...
 Dispersal                Tloc           ####......   63%         6    ######.
 Hydra Form               Tmut           ####......   63%         6    ######.
 Statue Form              Tmut/Erth      ####.....    63%         6    ######.
 Dragon Form              Tmut           ####......   98%         7    #######
 Orb of Destruction       Conj           ####......   98%         7    #######
 Controlled Blink         Tloc           N/A          100%        8    #######
 Discord                  Hex            #####.....   100%        8    #######
 Disjunction              Tloc           ####......   100%        8    #######


Dungeon Overview and Level Annotations

Branches:
Dungeon (15/15)            Temple (0/1) D:4            Lair (6/6) D:8
  Swamp (4/4) Lair:4       Spider (4/4) Lair:3        Slime (0/5) Lair:5
    Orc (2/2) D:10            Elf (3/3) Orc:2        Vaults (1/5) D:14
 Depths (0/5) D:15        Ossuary (visited)           IceCv (visited)
Volcano (visited)

Altars:
Fedhas
Kikubaaqudgha
Makhleb
Okawaru
Ru
Sif Muna
Trog
Uskayaw
Vehumet
Wu Jian
Zin

Shops:
Orc:2 }[(   Elf:1 ?   Vaults:1 *

Annotations:
D:2 exclusion: oklob plant
D:14 Setup for mid-game. Spellrange and stabs.
Lair:1 , Lair:6, Orcs, Branches. Think how to fast-Wu
Swamp:4 Danger up and down
Orc:2 Branches. Pace slow.
Elf:2 3 runed translucent doors


Innate Abilities, Weirdness & Mutations

You have a beak for a mouth.
You have claws for feet.
You can fly continuously.
You possess an exceptional clarity of mind.
Your magical capacity is low. (-10% MP)
You are somewhat resistant to further mutation.


Message History

You attack the yaktaur from above.
You hit the yaktaur.
You kill the yaktaur!
The Council accepts your kill.
Your Ice Magic skill increases to level 4!
You repeatedly attack the deep troll from above.
You hit the deep troll.
The deep troll is lightly wounded.
You slice the deep troll!!
You peck the deep troll, but do no damage.
The deep troll is heavily wounded.
You repeatedly attack the vault warden from above.
You slash the vault warden!
The vault warden is severely wounded.
The vault warden blocks your attack.
The vault warden is severely wounded.
The deep troll completely misses you.
You riposte.
You slash the deep troll!
The deep troll is severely wounded.
You block the deep troll's attack. x2
The vault warden hits you with a +0 long sword!!
You die...

#####################
#............#○☼§☼§%# ########
#........(...#§☼○○§.# #.......
#......([(...#§§§§○.# #.......
#....[.......#§§§§§.# #.......
#............#§@§§☼.# #.......
#............+§Tp§..# #.......
#............#§§§§(.# #.......
##............############'######
.................................
.................................
......#######....................
(.....#.....#....................
......#.....#...................†


You could see a vault warden and a deep troll.

Vanquished Creatures
  Bai Suzhen (Spider:3)
  Saint Roka (Vaults:1)
  Arachne (Spider:4)
  Kirke (Spider:4)
  A thorn hunter (Swamp:4)
  The ghost of Qoinlash the Fighter, an adept MiBe of Trog (Spider:3)
  Roxanne (Elf:2)
  A ghost moth (Spider:4)
  2 vault wardens (Vaults:1)
  2 orc warlords
  9 emperor scorpions
  An ironheart preserver (Vaults:1)
  2 very ugly things
  6 entropy weavers
  Snorg (Lair:3)
  2 ettins
  A blizzard demon (IceCv)
  A deep elf death mage (Elf:2)
  2 fire dragons (Vaults:1)
  Josephine (D:11)
  Erolcha (D:11)
  3 yaktaur captains (Vaults:1)
  An ice dragon (Vaults:1)
  Harold (Lair:2)
  21 hydras
  3 shambling mangroves
  8 centaur warriors
  The ghost of Ehogidwu the Thaumaturge, a journeyman DgEE (Lair:1)
  2 death knights
  A catoblepas (Lair:6)
  8 ogre magi
  A queen ant (Spider:2)
  23 two-headed ogres
  12 death yaks
  14 dancing weapons
  14 alligators
  A deep troll shaman (Lair:6)
  2 tengu warriors
  10 deep elf knights
  A sun demon (Volcano)
  4 skeletal warriors
  The ghost of kalodont the Covert, a novice KoEn of Dithmenos (Lair:1)
  2 deep trolls
  A spriggan druid (Swamp:3)
  12 swamp dragons
  A glowing orange brain (Vaults:1)
  4 unseen horrors
  A sphinx zombie (Vaults:1)
  A spectral wolf spider (Spider:3)
  A phantasmal warrior (D:14)
  2 lindwurms
  3 deep elf archers
  2 ironbrand convokers (Vaults:1)
  19 orb spiders
  2 wizards
  5 orc knights
  28 wolf spiders
  A necromancer (Vaults:1)
  7 orc sorcerers
  An oklob plant (Lair:5)
  41 deep elf magi
  36 ugly things
  A manticore (D:12)
  4 moths of wrath
  A salamander (shapeshifter) (Elf:1)
  4 cyclopes
  A sphinx skeleton (Vaults:1)
  4 vault sentinels
  4 elephants (Lair:6)
  5 black mambas
  A guardian serpent (D:13)
  2 ice statues (IceCv)
  2 molten gargoyles (Volcano)
  A black mamba (shapeshifter) (D:9)
  11 spiny frogs
  A gargoyle (D:12)
  A human zombie (Vaults:1)
  A rime drake (Lair:6)
  3 komodo dragons
  A spectral redback (Spider:3)
  2 anaconda simulacra (IceCv)
  A spiny frog (shapeshifter) (Vaults:1)
  14 demonic crawlers
  A spark wasp simulacrum (Spider:3)
  A freezing wraith (D:15)
  A kobold demonologist (D:15)
  A golden dragon simulacrum (IceCv)
  10 yaktaurs (Vaults:1)
  8 ice devils (IceCv)
  31 jumping spiders
  A komodo dragon (shapeshifter) (D:15)
  A human skeleton (Vaults:1)
  A meliai (D:15)
  A jumping spider (shapeshifter) (D:15)
  A queen bee (D:9)
  2 tengu conjurers (D:15)
  8 trolls
  A wolf spider simulacrum (Spider:3)
  9 tyrant leeches
  21 hornets
  2 spectral tarantellas (Spider:3)
  6 polar bears
  13 slime creatures
  A spectral meliai (Spider:3)
  7 dream sheep (Lair:6)
  A meliai zombie (D:14)
  13 blink frogs
  10 bog bodies
  10 hippogriffs
  2 vampires
  2 air elementals
  3 shadows
  72 redbacks
  4 water elementals
  9 spriggans
  2 fire elementals
  28 tarantellas
  5 wyverns
  A hog (Spider:4)
  6 wraiths
  A steam dragon (D:12)
  30 yaks
  6 hungry ghosts
  A redback simulacrum (Spider:3)
  7 vampire mosquitoes
  3 basilisks
  2 two-headed ogre zombies (D:10)
  A soldier ant (shapeshifter) (D:14)
  4 harpy simulacra (IceCv)
  18 soldier ants (Spider:2)
  13 swamp worms
  A swamp worm (shapeshifter) (Elf:2)
  An iron troll simulacrum (IceCv)
  9 water moccasins
  3 wargs
  A spectral orb spider (Spider:3)
  An acid dragon (Vaults:1)
  2 hydra simulacra (IceCv)
  3 hell hounds (Volcano)
  A floating eye (Spider:2)
  15 porcupines
  A black bear (shapeshifter) (Vaults:1)
  3 black bears
  11 swamp drakes
  3 phantoms
  2 jumping spider simulacra (Spider:3)
  24 orc warriors
  4 sky beasts
  2 eyes of draining
  4 ice beasts
  41 ogres
  28 wolves
  16 centaurs
  16 crocodiles
  2 big kobolds (D:9)
  16 bullfrogs
  A gnoll sergeant (D:9)
  A water moccasin zombie (D:5)
  2 troll zombies (D:10)
  4 scorpions
  35 killer bees
  2 howler monkeys
  12 wights
  6 electric eels
  10 crimson imps
  2 lava snakes (Volcano)
  4 centaur zombies
  9 bullfrog skeletons
  6 hounds
  7 jellies
  2 bullfrog zombies (D:9)
  6 centaur skeletons
  20 orc priests
  30 orc wizards
  6 iguanas
  35 worker ants
  Terence (D:3)
  3 big kobold zombies (Ossuary)
  4 ogre zombies (D:10)
  5 mummies (Ossuary)
  A worker ant zombie (D:11)
  9 adders
  5 gnolls (D:9)
  5 shadow imps
  3 oozes
  An adder zombie (D:6)
  A worm (D:9)
  3 dart slugs
  4 leopard geckos
  78 orcs
  8 bats
  6 giant cockroaches
  5 hobgoblins
  5 jackals
  13 kobolds
  3 quokkas
  3 frilled lizards
  4 goblins
  3 goblin skeletons (D:10)
  4 goblin zombies (D:10)
  A hobgoblin skeleton (D:10)
  5 hobgoblin zombies
  A leopard gecko skeleton (D:5)
  An orc skeleton (D:10)
  15 orc zombies (D:10)
  A quokka skeleton (D:5)
  2 quokka zombies
  9 rats
  2 rat zombies (D:6)
  A fungus (Lair:2)
  A plant (D:8)
1414 creatures vanquished.

Vanquished Creatures (collateral kills)
  A blizzard demon (IceCv)
1 creature vanquished.

Vanquished Creatures (others)
  A centaur warrior (Vaults:1)
  2 hornets (Swamp:4)
  A tarantella (Spider:4)
  A human (Spider:4)
  An orc warrior (Orc:1)
  28 fungi
  9 plants
  A withered plant (Lair:1)
44 creatures vanquished.

Grand Total: 1459 creatures vanquished

Notes
Turn   | Place    | Note
-------+----------+-------------------------------------------
     0 | D:1      | Amplified the Tengu Enchanter began the quest for the Orb.
     0 | D:1      | Reached XP level 1. HP: 10/10 MP: 4/4
   274 | D:1      | Reached XP level 2. HP: 15/16 MP: 6/6
   648 | D:1      | Reached skill level 1 in Fighting
   729 | D:1      | Reached XP level 3. HP: 20/20 MP: 7/7
   939 | D:2      | Found a blossoming altar of Fedhas.
   962 | D:2      | Noticed an oklob plant
  1655 | D:3      | Learned a level 2 spell: Ensorcelled Hibernation
  1674 | D:3      | Reached XP level 4. HP: 21/25 MP: 8/8
  1751 | D:3      | Gained mutation: You do not regenerate when monsters are
                  | visible. [potion of mutation]
  1751 | D:3      | Gained mutation: You are somewhat resistant to further
                  | mutation. [potion of mutation]
  2235 | D:3      | Noticed Terence
  2246 | D:3      | Killed Terence
  2246 | D:3      | Reached skill level 2 in Fighting
  2246 | D:3      | Gained mutation: You can fly continuously. [Tengu growth]
  2246 | D:3      | Reached XP level 5. HP: 19/30 MP: 9/9
  2332 | D:3      | Found an ornate altar of the Wu Jian Council.
  2512 | D:3      | Became a worshipper of the Wu Jian Council
  2543 | D:4      | Found a burning altar of Makhleb.
  2605 | D:4      | Reached XP level 6. HP: 24/36 MP: 10/10
  2764 | D:4      | Identified the ring of Wybaycwuudd {rF+ Str+4}
  2787 | D:4      | Found a staircase to the Ecumenical Temple.
  2895 | D:4      | Got a twisted ring mail
  2897 | D:4      | Identified the +3 ring mail of Honour {rN+ Str-2 Int+2
                  | Dex+4} (You found it on level 4 of the Dungeon)
  2941 | D:4      | You are sucked into a shaft and drop 3 floors!
  2941 | D:7      | Found a hide-covered altar of Uskayaw.
  2974 | D:8      | Noticed a phantom
  2977 | D:8      | Killed a phantom
  2977 | D:8      | Reached skill level 3 in Fighting
  3092 | D:6      | Reached XP level 7. HP: 41/41 MP: 11/11
  3099 | D:6      | Found a sand-covered staircase.
  3110 | D:6      | Reached skill level 5 in Stealth
  3212 | Ossuary  | Entered an ossuary
  3345 | Ossuary  | Reached * piety under Wu Jian
  3700 | Ossuary  | Lost mutation: You do not regenerate when monsters are
                  | visible. [potion of mutation]
  3700 | Ossuary  | Lost mutation: You are somewhat resistant to further
                  | mutation. [potion of mutation]
  3700 | Ossuary  | Gained mutation: Your magical capacity is low. (-10% MP)
                  | [potion of mutation]
  3700 | Ossuary  | Gained mutation: You are somewhat resistant to further
                  | mutation. [potion of mutation]
  3700 | Ossuary  | Gained mutation: You possess an exceptional clarity of
                  | mind. [potion of mutation]
  3753 | D:6      | Reached skill level 5 in Dodging
  3797 | D:6      | Reached skill level 4 in Fighting
  3803 | D:6      | Reached XP level 8. HP: 48/48 MP: 10/10
  3952 | D:6      | Found an ancient bone altar of Kikubaaqudgha.
  3952 | D:6      | Found a shimmering blue altar of Sif Muna.
  3953 | D:6      | Found a radiant altar of Vehumet.
  3955 | D:6      | Identified Kikubaaqudgha's Catalogue of Black Rituals
  4093 | D:6      | Reached skill level 5 in Short Blades
  4356 | D:5      | Entered Level 5 of the Dungeon
  4454 | D:5      | Reached ** piety under Wu Jian
  4670 | D:5      | Reached skill level 5 in Fighting
  5206 | D:4      | Reached XP level 9. HP: 54/54 MP: 11/11
  5214 | D:4      | Found a glowing silver altar of Zin.
  5214 | D:4      | Found a blossoming altar of Fedhas.
  5214 | D:4      | Found a sacrificial altar of Ru.
  5499 | D:8      | Noticed a hornet
  5523 | D:8      | Reached skill level 6 in Fighting
  5764 | D:8      | Found a staircase to the Lair.
  5793 | D:8      | Reached XP level 10. HP: 36/61 MP: 12/12
  5928 | D:8      | Reached skill level 7 in Fighting
  6068 | D:8      | Reached *** piety under Wu Jian
  6324 | D:8      | Found an iron altar of Okawaru.
  6762 | D:9      | Noticed a two-headed ogre
  6772 | D:9      | Killed a two-headed ogre
  6789 | D:9      | Noticed a cyan ugly thing
  6792 | D:9      | Killed a cyan ugly thing
  6792 | D:9      | Reached skill level 8 in Fighting
  6803 | D:9      | Noticed a wizard
  6828 | D:9      | Reached XP level 11. HP: 58/68 MP: 13/13
  6909 | D:9      | Noticed a deep elf mage
  6930 | D:9      | Reached **** piety under Wu Jian
  7055 | D:9      | Killed a deep elf mage
  7262 | D:9      | Noticed a deep troll
  7265 | D:9      | Noticed a death drake
  7265 | D:9      | a deep troll changed into a death drake
  7474 | D:9      | Identified Eqaddog's Catalogue of Lethal Companions
  7546 | D:9      | Reached skill level 10 in Stealth
  7818 | D:9      | Reached skill level 10 in Dodging
  7945 | D:9      | Killed a wizard
  7945 | D:9      | Reached skill level 9 in Fighting
  7987 | D:9      | Noticed a moth of wrath
  7990 | D:9      | Found a bloodstained altar of Trog.
  8092 | D:10     | Entered Level 10 of the Dungeon
  8112 | D:10     | Found a staircase to the Orcish Mines.
  8169 | D:10     | Reached ***** piety under Wu Jian
  8211 | D:10     | Reached skill level 10 in Short Blades
  8749 | D:10     | Noticed a red ugly thing
  8755 | D:10     | Killed a red ugly thing
  8834 | D:10     | Reached XP level 12. HP: 76/76 MP: 14/14
  9247 | D:11     | Noticed Josephine
  9305 | D:11     | Killed Josephine
  9345 | D:11     | Noticed a two-headed ogre
  9358 | D:11     | Killed a two-headed ogre
  9878 | D:11     | Noticed Erolcha
  9884 | D:11     | Paralysed by Erolcha for 2 turns
  9887 | D:11     | Killed Erolcha
  9887 | D:11     | Reached skill level 10 in Fighting
 10471 | D:12     | Reached skill level 1 in Evocations
 10591 | D:12     | Identified a scroll of acquirement
 11512 | Lair:1   | Entered Level 1 of the Lair of Beasts
 11716 | Lair:1   | You are sucked into a shaft and drop 1 floor!
 11720 | Lair:2   | Reached XP level 13. HP: 83/83 MP: 15/15
 12141 | Lair:2   | Noticed Harold
 12178 | Lair:2   | Reached skill level 11 in Fighting
 12181 | Lair:2   | Killed Harold
 13039 | Lair:1   | Found a runed translucent gate.
 13039 | Lair:1   | Found a runed translucent gate.
 13048 | Lair:1   | Found a runed translucent gate.
 13049 | Lair:1   | Noticed kalodont's ghost (novice KoEn)
 13050 | Lair:1   | Noticed Ehogidwu's ghost (journeyman DgEE)
 13051 | Lair:1   | Found the +6 shillelagh "Devastator" {shatter}
 13494 | Lair:3   | Noticed Snorg
 13497 | Lair:3   | Killed Snorg
 13510 | Lair:3   | Found a hole to the Spider Nest.
 13536 | Lair:3   | Reached skill level 5 in Evocations
 14883 | Lair:4   | Found a staircase to the Swamp.
 15157 | Lair:5   | Found a dark tunnel.
 15198 | Volcano  | Entered a volcano
 15242 | Volcano  | Found a burning altar of Makhleb.
 15302 | Volcano  | Paralysed by an orc sorcerer for 2 turns
 15659 | Volcano  | Got a sparkling pewter ring
 15711 | Volcano  | Identified the ring of the Sky {EV+4 Int+2 SInv Stlth+}
                  | (You found it in a volcano)
 15998 | Lair:5   | Reached XP level 14. HP: 91/91 MP: 17/17
 16041 | Lair:5   | Reached skill level 12 in Fighting
 16146 | Lair:5   | Found a staircase to the Slime Pits.
 16754 | Lair:6   | Entered Level 6 of the Lair of Beasts
 18667 | Orc:1    | Entered Level 1 of the Orcish Mines
 18676 | Orc:1    | Noticed an orc warlord
 18682 | Orc:1    | Reached ****** piety under Wu Jian
 18843 | D:13     | Reached XP level 15. HP: 97/97 MP: 20/20
 19236 | D:13     | Reached skill level 13 in Fighting
 19323 | D:13     | You are sucked into a shaft and drop 2 floors!
 19323 | D:15     | Entered Level 15 of the Dungeon
 20295 | D:15     | Found a staircase to the Depths.
 20713 | D:14     | Reached skill level 15 in Stealth
 21091 | D:14     | Reached skill level 10 in Evocations
 21140 | D:14     | Found a gate to the Vaults.
 21379 | D:13     | Reached skill level 15 in Dodging
 22046 | Lair:1   | Killed Ehogidwu's ghost
 22053 | Lair:1   | Killed kalodont's ghost
 22053 | Lair:1   | Reached XP level 16. HP: 105/105 MP: 22/22
 22301 | Orc:1    | Reached skill level 1 in Maces & Flails
 22538 | Orc:1    | You are sucked into a shaft and drop 1 floor!
 22538 | Orc:2    | Entered Level 2 of the Orcish Mines
 22538 | Orc:2    | Found Onteusoq's Armour Shop.
 22538 | Orc:2    | Found Gurallum's Weapon Shoppe.
 22538 | Orc:2    | Found Moalur's Gadget Emporium.
 22538 | Orc:2    | Found Viun's Food Shop.
 22567 | Orc:2    | Reached skill level 14 in Fighting
 22701 | Orc:2    | Found a staircase to the Elven Halls.
 22724 | Orc:2    | Reached skill level 5 in Maces & Flails
 22831 | Orc:2    | Bought a +2 hat of magic resistance for 315 gold pieces
 23267 | Orc:2    | Bought a ration for 55 gold pieces
 23267 | Orc:2    | Bought a ration for 55 gold pieces
 23267 | Orc:2    | Bought a ration for 55 gold pieces
 23267 | Orc:2    | Bought a ration for 55 gold pieces
 23267 | Orc:2    | Bought a ration for 55 gold pieces
 23267 | Orc:2    | Bought a ration for 55 gold pieces
 23267 | Orc:2    | Bought a ration for 55 gold pieces
 23267 | Orc:2    | Bought a ration for 55 gold pieces
 23267 | Orc:2    | Bought a ration for 55 gold pieces
 23267 | Orc:2    | Bought a ration for 55 gold pieces
 23267 | Orc:2    | Bought a ration for 55 gold pieces
 23267 | Orc:2    | Bought a ration for 55 gold pieces
 23270 | Orc:2    | Bought a wand of clouds (6) for 480 gold pieces
 23270 | Orc:2    | Bought a phantom mirror for 480 gold pieces
 23271 | Orc:2    | Bought the +9 shortbow of Ancient Evil {freeze, rElec rF++
                  | Dex-3 Stlth+} for 1176 gold pieces
 23306 | Elf:1    | Entered Level 1 of the Elven Halls
 23308 | Elf:1    | Found Olirchy's Magic Scroll Emporium.
 23452 | Elf:1    | Found a frozen archway.
 23481 | IceCv    | Entered an ice cave
 24251 | IceCv    | Got a shimmering great mace
 24253 | IceCv    | Got a bloodstained ring mail
 24270 | IceCv    | Identified the +7 great mace of Maliph {crush, *Corrode rF+
                  | rN+ Int+4} (You found it in an ice cave)
 24271 | IceCv    | Identified the cursed +0 ring mail "Wyetsuh" {rF+ Dex+7}
                  | (You found it in an ice cave)
 24666 | Elf:1    | Reached skill level 1 in Bows
 24897 | Elf:1    | Reached XP level 17. HP: 34/112 MP: 23/23
 25226 | Elf:2    | Reached skill level 10 in Maces & Flails
 25806 | Swamp:1  | Entered Level 1 of the Swamp
 26206 | Swamp:1  | Reached skill level 1 in Armour
 27206 | Swamp:4  | Entered Level 4 of the Swamp
 27720 | Swamp:3  | Identified the cursed +1 robe of Beogh's Favour {Str+3
                  | Slay+2} (You found it on level 3 of the Swamp)
 27988 | Swamp:3  | Reached skill level 15 in Fighting
 27988 | Swamp:3  | Reached skill level 5 in Armour
 28687 | Swamp:1  | Upgraded the game from 0.24.0-123-gd5b16e6ec5 to
                  | 0.24.0-124-g2791043dd8
 29904 | Swamp:4  | Reached XP level 18. HP: 120/120 MP: 24/24
 30074 | Swamp:4  | Got a decaying rune of Zot
 30402 | Spider:1 | Entered Level 1 of the Spider Nest
 30664 | Spider:1 | Reached skill level 16 in Fighting
 31794 | Spider:2 | Reached skill level 10 in Armour
 32584 | Spider:2 | Identified the Handbook of the Hurtful Mountains
 32860 | Spider:2 | Learned a level 1 spell: Confusing Touch
 32950 | Spider:3 | Reached skill level 1 in Shields
 33533 | Spider:3 | Reached skill level 17 in Fighting
 33816 | Spider:3 | Found a runed translucent gate.
 33816 | Spider:3 | Found a runed translucent gate.
 33816 | Spider:3 | Found a runed translucent gate.
 33816 | Spider:3 | Noticed Qoinlash's ghost (adept MiBe)
 34234 | Spider:4 | Entered Level 4 of the Spider Nest
 34281 | Spider:4 | Noticed Bai Suzhen
 34281 | Spider:4 | Noticed Arachne
 34627 | Spider:3 | Killed Qoinlash's ghost
 34627 | Spider:3 | Reached skill level 5 in Shields
 34627 | Spider:3 | Reached XP level 19. HP: 92/128 MP: 25/25
 34717 | Spider:3 | Killed Bai Suzhen
 34804 | Spider:4 | Killed Arachne
 35674 | Spider:4 | Reached skill level 5 in Spellcasting
 35905 | Spider:4 | Noticed Kirke
 35943 | Spider:4 | Killed Kirke
 36192 | Spider:4 | Reached skill level 18 in Fighting
 36235 | Spider:4 | Got a gossamer rune of Zot
 36552 | D:9      | Got a transparent robe
 36686 | D:9      | Identified the +1 robe of Eternal Night {rPois Str+4} (You
                  | found it on level 9 of the Dungeon)
 36826 | Vaults:1 | Entered Level 1 of the Vaults
 37113 | Vaults:1 | Noticed Saint Roka
 37133 | Vaults:1 | Killed Saint Roka
 37336 | Vaults:1 | Found a flickering gateway to a bazaar.
 37779 | Bazaar   | Entered a bazaar
 37809 | Bazaar   | Found Jukuimoo's Distillery.
 37824 | Bazaar   | Found Veapho's General Store.
 37824 | Bazaar   | Found Tyareipe's Distillery.
 37845 | Bazaar   | Found Xowe Azo's Distillery.
 37845 | Bazaar   | Found Kiapaj's Antique Armour Shoppe.
 37881 | Bazaar   | Bought a potion of experience for 500 gold pieces
 37881 | Bazaar   | Reached XP level 20. HP: 137/137 MP: 29/29
 37888 | Bazaar   | Bought a pair of dazzling gloves for 332 gold pieces
 37888 | Bazaar   | Identified the +1 pair of gloves of the Thistle {rPois
                  | rCorr Str-4 Int+6} (You bought it in a shop in a bazaar)
 37924 | Bazaar   | Bought a potion of curing for 36 gold pieces
 37924 | Bazaar   | Bought a potion of heal wounds for 60 gold pieces
 37924 | Bazaar   | Bought a potion of haste for 120 gold pieces
 38751 | D:14     | Learned a level 2 spell: Blink
 38754 | D:14     | Learned a level 2 spell: Passwall
 38760 | D:14     | Learned a level 5 spell: Silence
 38767 | D:14     | Learned a level 6 spell: Deflect Missiles
 39087 | Elf:2    | Reached skill level 1 in Ice Magic
 39126 | Elf:2    | Reached skill level 1 in Charms
 39160 | Elf:2    | Reached XP level 21. HP: 102/142 MP: 28/30
 39234 | Elf:2    | Identified Roxanne's Guide on the Rocks
 39234 | Elf:2    | Noticed Roxanne
 39286 | Elf:2    | Found a runed translucent gate.
 39286 | Elf:2    | Found a runed translucent gate.
 39295 | Elf:2    | Found a runed translucent gate.
 39580 | Elf:3    | Entered Level 3 of the Elven Halls
 40459 | Elf:2    | Killed Roxanne
 40986 | Vaults:1 | Found Rathe's General Store.
 40990 | Vaults:1 | Bought a scroll of enchant weapon for 105 gold pieces
 40990 | Vaults:1 | Bought a scroll of magic mapping for 49 gold pieces
 40990 | Vaults:1 | Bought a potion of curing for 42 gold pieces
 41473 | Vaults:1 | HP: 2/143 [vault warden/+0 long sword (22)]
 41477 | Vaults:1 | Demolished by a vault warden

Levels and vault maps discovered:
D:1:      minmay_arrival_five_plusses, layout_rooms, minmay_unequal
D:2:      layout_basic, tgw_fedhas
D:3:      layout_loops_cross, lemuel_doored_altar, uniq_terence
D:4:      layout_rooms, makhleb_heckhound_becter,
          gammafunk_temple_overflow_claw, minmay_temple_entry_wispy
D:5:      layout_basic, first_ration
D:6:      layout_loops_cross, grunt_temple_overflow_magic_moments,
          enter_ossuary_4
D:7:      layout_rooms, lemuel_crystal_altar, nicolae_overflow_hidden_temple,
          old_standard_altar, basic_altar
D:8:      layout_loops_ring, kennysheep_mini_moat, due_lair_maze_entry_diamond,
          the_bakery
D:9:      minmay_the_grid_triangle_9x9_recursive_2_mashed
          [minmay_the_grid_triangle_9x9_prize_center,
          minmay_the_grid_triangle_9x9_windchime,
          minmay_the_grid_triangle_9x9_alien,
          minmay_the_grid_triangle_9x9_warning], layout_rooms, tgw_trog,
          special_room [special_room_bee], minivault_1
D:10:     layout_loops_corners, zombieorc2_lemuel
D:11:     layout_irregular_city, minmay_crystal_room, uniq_erolcha,
          uniq_josephine
D:12:     layout_loops_ring, nicolae_straight_to_the_point
D:13:     layout_stronghold, serial_glass, glass_columns_a, glass_columns_c,
          nrook_guardian_serpent_double
D:14:     layout_roguey, david_vaults_4
D:15:     grunt_enter_depths_magical_seal, layout_long_grid,
          minmay_misc_feat_room, minmay_circle_x
Lair:1:   layout_chaotic_city, gammafunk_ghost_cemetery, patterned_corridor,
          serial_bayou_shore_b, grunt_megastairs_5, infiniplex_staircase_pool,
          serial_bayou_shore_a
Lair:2:   layout_loops_ring, lemuel_fruit_tree, grunt_megastairs_1, uniq_harold
Lair:3:   layout_loops_ring, dummy_spider_entry, grunt_megastairs_3, uniq_snorg
Lair:4:   layout_cave_shapes, nicolae_swamp_entry_splash_gauntlet,
          serial_bayou_lagoon_b
Lair:5:   layout_gridlike, minmay_slime_entry_pillars,
          nicolae_volcano_entry_two_sided, serial_bayou_shore_b
Lair:6:   grunt_lair_end_beastmaster, layout_cave_pods,
          chequers_serial_rivers_marsh
Swamp:1:  layout_basic_swamp, serial_swamp_ruin, evilmike_swamp_ruin_house_2,
          evilmike_swamp_ruin_house_1
Swamp:2:  layout_basic_swamp, evilmike_swamp_ruin_house_4
Swamp:3:  layout_basic_swamp, evilmike_swamp_ruin_house_5, swamp_pool1,
          infiniplex_staircase_pool_2
Swamp:4:  swamp_basic_johnstein, layout_basic_swamp, swamp_pool1,
          nicolae_swamp_very_dense_foliage
Spider:1: layout_spider_delve
Spider:2: layout_spider_delve, drop_trap, zaba_anthell
Spider:3: layout_chambers, gammafunk_ghost_necromancy
Spider:4: grunt_spider_rune_circles, uniq_bai_suzhen, uniq_arachne, uniq_kirke
Orc:1:    layout_diamond_mine
Orc:2:    st_orc_ogre_mass, layout_caves
Elf:1:    layout_rooms, portal_ice_cave_entry_ugly_swarm, serial_shops, shop,
          minivault_28, hangedman_elven_ridges
Elf:2:    layout_loops_cross, uniq_jorgrun, uniq_roxanne, uniq_agnes,
          uniq_nikola
Elf:3:    minmay_elf_hall_statues, layout_geoelf_diagonals
Vaults:1: v_misc_19, v_misc_30, ontoclasm_vaults_eye,
          nicolae_vaults_network_quincunx
          [nicolae_vaults_network_quincunx_subvault,
          nicolae_vaults_network_quincunx_subvault,
          nicolae_vaults_network_quincunx_subvault,
          nicolae_vaults_network_quincunx_subvault,
          nicolae_vaults_network_quincunx_subvault],
          vaults_room_grunt_arrival_ludios, nicolae_vaults_minivaults,
          ontoclasm_vaults_loading_screen, vaults_dpeg_cross,
          ontoclasm_vaults_ring_small, nicolae_vaults_little_squares_2,
          hangedman_vaults_stretched_pinwheel, nicolae_vaults_sealed_display,
          nicolae_vaults_gold_heap, ontoclasm_vaults_gateway,
          ontoclasm_vaults_fault, layout_vaults_omnicross, serial_shops,
          bzr_firewalk, nicolae_shop_behind_doors, uniq_saint_roka

Skill      XL: |  1  2  3  4  5  6  7  8  9 10 11 12 13 14 15 16 17 18 19 20 21 |
---------------+----------------------------------------------------------------+-----
Fighting       | 1 2 3 4 5 6 8 9 10 11 12 13 14 15 17 18 | 18.9
Short Blades   | 2 3 4 6 7 9 10 11 | 11.0
Dodging        | 3 4 5 6 7 9 10 11 12 14 15 | 15.0
Stealth        | 4 5 6 8 9 10 12 13 14 15 16 | 16.1
Evocations     | 3 6 8 10 | 10.2
Maces & Flails | 9 11 | 11.1
Bows           | 3 4 |  4.9
Armour         | 7 10 | 10.1
Shields        | 5 |  5.1
Spellcasting   | 7 8 |  8.6
Air Magic      | 6 |  6.2
Ice Magic      | 1 4 |  4.0
Charms         | 1 3 |  3.5
Hexes          | |  2.1

Action                   |  1- 3 |  4- 6 |  7- 9 | 10-12 | 13-15 | 16-18 | 19-21 || total
-------------------------+-------+-------+-------+-------+-------+-------+-------++-------
Melee: Dagger            |    85 |    99 |   253 |   880 |  1276 |  1705 |   978 ||  5276
       Kick              |    11 |    23 |    90 |   368 |   542 |   890 |   567 ||  2491
       Peck              |     6 |    15 |    46 |   215 |   335 |   557 |   382 ||  1556
       Shillelagh        |       |       |       |       |       |   498 |   175 ||   673
       Double sword      |       |       |       |       |       |       |   149 ||   149
Throw: Dart              |       |    12 |     6 |       |     3 |    14 |     5 ||    40
       Throwing net      |       |       |     1 |     6 |     8 |       |       ||    15
 Cast: Corona            |     1 |       |       |       |       |       |       ||     1
       Confusing Touch   |       |       |       |       |       |       |    45 ||    45
Invok: Lunge             |       |     5 |    20 |    74 |    76 |    82 |    45 ||   302
       Whirlwind         |       |       |       |     7 |    35 |    79 |    50 ||   171
       Heavenly Storm    |       |       |       |     1 |     1 |     3 |     2 ||     7
       Serpent's Lash    |       |       |       |       |     3 |     9 |     5 ||    17
 Abil: Fly               |       |     1 |       |       |       |     1 |       ||     2
       Wall Jump         |       |       |       |       |       |     6 |     4 ||    10
       Stop Flying       |       |       |       |       |       |     1 |       ||     1
Evoke: Lightning rod     |       |       |       |     2 |    14 |    21 |     9 ||    46
       Wand              |       |       |       |     1 |    19 |    61 |    19 ||   100
       Phantom mirror    |       |       |       |       |       |     2 |       ||     2
  Use: Potion            |     1 |     7 |     7 |     6 |    16 |    17 |    13 ||    67
       Scroll            |     9 |    10 |     2 |    11 |    12 |    27 |    14 ||    85
 Stab: Sleeping          |     6 |     3 |    12 |    37 |    74 |    55 |    18 ||   205
       Distracted        |       |     1 |     2 |     7 |     8 |     8 |     6 ||    32
       Invisible         |       |       |     7 |     9 |       |       |       ||    16
       Held in net/web   |       |       |       |     4 |     4 |       |     2 ||    10
       Paralysed         |       |       |       |       |     2 |     4 |       ||     6
       Confused          |       |       |       |       |       |     1 |    51 ||    52
  Eat: Ration            |     1 |       |     2 |     2 |     2 |     8 |     5 ||    20
       Chunk             |       |     3 |     3 |    25 |    22 |     9 |     4 ||    66
Armor: Robe              |     2 |       |       |       |       |       |       ||     2
       Ring mail         |    23 |    46 |    30 |    77 |   117 |   362 |   133 ||   788
       Skin              |     5 |       |       |       |       |       |       ||     5
       Storm dragon scal |       |       |       |       |       |       |    11 ||    11
       Leather armour    |       |       |       |       |       |       |    38 ||    38
Dodge: Dodged            |    60 |    51 |   111 |   396 |   731 |  1955 |   863 ||  4167
Block: Buckler           |       |       |       |       |   102 |   582 |   401 ||  1085
       Rpst.: Double sword |       |       |       |       |       |       |    35 ||    35
